 Dungeon Crawl Stone Soup version 0.29-a0-721-g7f417c9bbb (webtiles) character file.

Game seed: 5403110300392366109

4 garrulousMonolith the Poker (level 2, 26/26 HPs)
             Began as a Meteoran Cinder Acolyte on June 27, 2022.
             Was a High Priest of Ignis.
             Quit the game on level 1 of the Dungeon.
             The game lasted 00:00:36 (250 turns).

garrulousMonolith the Poker (MeCA)                   Turns: 250, Time: 00:00:36

Health: 26/26      AC:  2    Str: 15    XL:     2   Next: 0%
Magic:  5/5        EV: 11    Int: 15    God:    Ignis [*****.]
Gold:   36         SH:  0    Dex:  9    Spells: 4/4 levels left

rFire   + . .      SeeInvis .   a - -1 spear (flame)
rCold   . . .      Faith    .   (no shield)
rNeg    . . .      Spirit   .   b - +0 robe
rPois   .          Reflect  .   (no helmet)
rElec   .          Harm     .   (no cloak)
rCorr   .          Rampage  .   (no gloves)
Will    .....                   (no boots)
Stlth   +.........              (no amulet)
HPRegen 0.08/turn               (no ring)
MPRegen 0.09/turn               (no ring)

@: glowing
A: sense surroundings 1, otherworldly, glowing, explore regen
a: Renounce Religion, Fiery Armour, Foxfire Swarm, Rising Flame


You were on level 1 of the Dungeon.
You worshipped Ignis.
Ignis was extremely pleased with you.
You visited 1 branch of the dungeon, and saw 1 of its levels.

You collected 36 gold pieces.

Inventory:

Hand Weapons
 a - a -1 spear of flaming (weapon)
Armour
 b - a +0 robe (worn)
Scrolls
 c - a scroll of fear {unknown}
 d - 2 scrolls of blinking {unknown}


   Skills:
 + Level 3.3 Fighting
 + Level 3.7 Polearms
 + Level 1.6 Spellcasting
 + Level 3.7 Fire Magic


You had 4 spell levels left.
You didn't know any spells.
Your spell library contained the following spells:

 Spells                   Type           Power      Damage    Failure   Level
 Scorch                   Fire           24%        2d6       8%          2


Dungeon Overview and Level Annotations

Branches:
Dungeon (1/15) Zot: 350

Altars:


Innate Abilities, Weirdness & Mutations

You passively map a small area around you.
You are easily found by Zot.
You glow in the dark.
You regain HP and MP as you explore.


Message History

You kill the endoplasm!
No target in view!
No target in view!
No target in view!
A rat comes into view.
A rat is nearby!
Found an escape hatch in the floor.
You reach to attack!
You hit the rat but do no damage. You hit the rat but do no damage.
The rat bites you but does no damage.
The rat is burned by your cloak of flames.
You kill the rat!
No target in view!
No target in view!
Magic restored.
You now have 36 gold pieces (gained 8).
Your fiery armour burns out.
A ball python comes into view.
The ball python hisses angrily.
The ball python bites you. The ball python grabs you.
The ball python constricts you. The ball python bites you.
The ball python constricts you.
A ball python is nearby!
A ball python is nearby!
You closely miss the ball python.
The ball python bites you but does no damage.
The ball python constricts you.
You hit the ball python. You burn the ball python.
You kill the ball python!
No target in view!
No target in view!
Key pressed, stopping explore.
Found two stone staircases leading down.
There is a stone staircase leading down here.
There is a stone staircase leading down here.
A rat comes into view.
A rat is nearby!
You reach to attack!
You hit the rat. You burn the rat.
You kill the rat!
You have reached level 2!
Are you sure you want to abandon this character and quit the game? (Confirm with "yes".)

* * * #. , ,..###. ,
#..* ..... #.. .... *
#..###...,, * *
#....... ,* #.....† , ,
###....### #.....@..##
# #.###.#...# #########
# #.#
#.#...###...8...###
#.###.#...##..8...8..##
#.........#8.........8#
#.#.###......8..(..8...
#.#.# #...#8.........8#
#.#.# #...##..8.<.8..##
#.#.###...###[..8...###


There were no monsters in sight!

Vanquished Creatures
  A ball python (D:1)
  An endoplasm (D:1)
  3 rats (D:1)
5 creatures vanquished.

Notes
Turn   | Place    | Note
-------+----------+-------------------------------------------
     0 | D:1      | garrulousMonolith the Meteoran Cinder Acolyte began the
                  | quest for the Orb.
     0 | D:1      | Reached XP level 1. HP: 19/19 MP: 3/3
   250 | D:1      | Reached XP level 2. HP: 26/26 MP: 5/5
   250 | D:1      | Quit the game

Illustrated notes

Levels and vault maps discovered:
D:1:      erik_arrival_orb_chamber, layout_loops_ring,
          nicolae_figureground_pulse

Action                   || total
-------------------------++-------
Melee: Spear             ||     7
Invok: Fiery Armour      ||     1
Armor: Robe              ||     2
Dodge: Dodged            ||     1

Table legend: (Time is in decaauts)
 A = Elapsed time spent in this place.
 B = Non-inter-level travel time spent in this place.
 C = Inter-level travel time spent in this place.
 D = Time resting spent in this place.
 E = Time spent auto-exploring this place.
 F = Levels seen in this place.
 G = Mean time per level.
                   A        B        C        D        E       F      G
               +--------+--------+--------+--------+--------+-----+--------+
         Total |    249 |    249 |      0 |      0 |    226 |   1 |  249.0 |
       Dungeon |    249 |    249 |      0 |      0 |    226 |   1 |  249.0 |
               +--------+--------+--------+--------+--------+-----+--------+

Top non-repeatable levels by time:
     D:1: 249 daAuts
